Map: Jagannatha LE

Players

HellraiseR - Winner!

  • Race: Protoss Protoss
  • League: Master
  • Spawn Location: 7:00

Spatz

  • Race: Protoss Protoss
  • League: Grandmaster
  • Spawn Location: 1:00

Event: DreamHack SC2 Masters 2020 Winter

VOD

Have the link to the VOD?

Description

Time

  • Played on: Oct. 14, 2020, 1:47 p.m.
  • Length: 10:32

All games in this series

Show
View Real Time Build Order
Export as new Build Order

HellraiseR Protoss - Winner!

Build Orders: Oracle Opening 

Get SALT Encoding   

  12  0:00  Probe  
  13  0:12  Probe  
  14  0:17  Pylon  
  14  0:24  Probe (Chrono Boost)  
  16  0:36  Probe (Chrono Boost)  
  16  0:37  Gateway  
  16  0:43  Probe (Chrono Boost)  
  16  0:46  Assimilator  
  17  0:50  Probe  
  17  0:55  Assimilator  
  18  1:03  Probe (Chrono Boost)  
  19  1:09  Gateway  
  20  1:12  Probe (Chrono Boost)  
  20  1:17  Probe (Chrono Boost)  
  20  1:24  Cybernetics Core  
  21  1:29  Probe  
  22  1:35  Pylon  
  22  1:41  Probe  
  23  1:53  Probe  
  24  2:00  Stalker x2  
  28  2:01  Warp Gate  
  28  2:12  Probe  
  28  2:15  Pylon  
  29  2:22  Stargate  
  29  2:50  Nexus  
  29  2:58  Shield Battery  
  29  3:01  Void Ray (Chrono Boost)  
  33  3:18  Shield Battery  
  33  3:23  Pylon  
  33  3:29  Pylon  
  33  3:41  Oracle (Chrono Boost)  
  36  3:52  Adept  
  36  3:53  Adept  
  40  4:05  Void Ray (Chrono Boost)  
  40  4:10  Probe  
  44  4:22  Probe  
  45  4:27  Stalker, Sentry  
  49  4:32  Pylon  
  49  4:51  Probe, Void Ray (Chrono Boost)  
  50  5:03  Probe  
  51  5:07  Robotics Facility  
  50  5:20  Pylon  
  50  5:30  Void Ray (Chrono Boost)  
  50  5:36  Pylon  
  54  5:44  Pylon x2  
  54  5:45  Probe  
  55  5:54  Stalker x2  
  60  5:57  Probe  
  60  6:00  Void Ray  
  64  6:24  Adept x2  
  69  6:28  Pylon  
  69  6:35  Nexus  
  68  6:47  Stalker  
  68  6:48  Stalker  
  68  6:52  Probe  
  73  7:07  Probe  
  74  7:11  Twilight Council  
  70  7:19  Probe  
  61  7:31  Probe  
  62  7:43  Probe  
  63  7:44  Forge, Stalker x2  
  63  7:47  Probe  
  68  7:55  Probe, Dark Shrine  
  69  7:59  Assimilator  
  69  8:02  Probe  
  70  8:06  Blink (Chrono Boost)  
  70  8:07  Probe  
  71  8:14  Probe  
  71  8:15  Pylon, Protoss Ground Weapons Level 1 (Chrono Boost)  
  72  8:22  Photon Cannon  
  70  8:29  Probe  
  67  8:35  Probe  
  67  8:38  Assimilator  
  67  8:39  Stalker  
  70  8:43  Stalker  
  72  8:54  Gateway  
  72  9:05  Nexus  
  72  9:13  Dark Templar  
  72  9:15  Dark Templar  
  76  9:24  Gateway  
  76  9:25  Pylon  
  76  9:30  Probe x2  
  77  9:42  Probe x2  
  79  9:45  Stalker  
  77  9:54  Probe x2  
  77  9:57  Stalker x2  
  68  10:10  Stalker  
  65  10:18  Stalker  
  65  10:19  Shield Battery  
  65  10:20  Stalker x2  
Show
View Real Time Build Order
Export as new Build Order

Spatz Protoss 

Build Orders: Oracle Opening 

Get SALT Encoding   

  12  0:00  Probe  
  13  0:12  Probe  
  14  0:17  Pylon  
  14  0:24  Probe (Chrono Boost)  
  15  0:36  Probe (Chrono Boost)  
  15  0:38  Gateway  
  16  0:44  Probe (Chrono Boost)  
  16  0:47  Assimilator  
  17  0:51  Probe  
  17  0:55  Assimilator  
  18  1:03  Probe (Chrono Boost)  
  19  1:07  Gateway  
  20  1:12  Probe (Chrono Boost)  
  20  1:17  Probe (Chrono Boost)  
  20  1:25  Cybernetics Core  
  21  1:29  Probe  
  22  1:37  Pylon  
  22  1:41  Probe  
  23  1:56  Pylon  
  23  2:03  Stalker  
  23  2:05  Stalker  
  27  2:09  Warp Gate  
  27  2:21  Stargate  
  27  2:34  Adept  
  27  2:35  Adept  
  31  2:43  Probe  
  32  3:01  Oracle (Chrono Boost)  
  32  3:03  Shield Battery  
  35  3:23  Probe  
  35  3:25  Pylon  
  36  3:31  Oracle (Chrono Boost)  
  36  3:32  Shield Battery  
  39  3:50  Probe  
  40  3:58  Stalker x2  
  40  4:01  Pylon  
  44  4:06  Probe  
  40  4:24  Stalker x2  
  40  4:26  Probe  
  44  4:38  Probe  
  43  4:48  Stalker x2  
  46  4:53  Probe  
  46  5:05  Probe  
  47  5:26  Probe (Chrono Boost)  
  48  5:29  Nexus  
  48  5:37  Twilight Council  
  48  5:38  Probe (Chrono Boost)  
  49  5:48  Probe (Chrono Boost)  
  50  5:50  Stalker  
  50  5:53  Sentry  
  54  5:58  Pylon  
  54  6:09  Blink (Chrono Boost)  
  54  6:12  Probe  
  55  6:24  Probe  
  56  6:34  Stalker x2  
  56  6:36  Probe  
  61  6:41  Probe  
  61  6:45  Pylon  
  62  6:48  Probe  
  63  6:59  Stalker x2  
  59  7:22  Stalker x2  
  46  7:28  Probe  
  49  7:33  Probe  
  50  7:40  Probe  
  51  7:51  Stalker x2  
  53  7:54  Probe  
  53  7:58  Probe  
  57  8:06  Probe  
  58  8:15  Stalker x2  
  58  8:17  Probe  
  58  8:18  Probe  
  62  8:35  Probe  
  62  8:36  Probe  
  62  8:38  Assimilator  
  64  8:42  Gateway  
  64  8:43  Gateway  
  64  8:47  Stalker  
  66  8:51  Stalker  
  66  8:55  Pylon  
  69  8:58  Phoenix  
  68  9:14  Stalker x2  
  68  9:15  Shield Battery  
  72  9:22  Pylon  
  72  9:28  Robotics Facility  
  72  9:40  Stalker x4  
  66  9:55  Probe  
Tags
 
Add a new tag
Caveats
  • Supply blocks, unpowered buildings, or Contaminate may cause inaccurate times.
  • Supply counts are checked every 10 seconds.